 Seeded DCSS version 0.30.1 (webtiles) character file.

Game seed: 6351066067085065685 (custom seed)

631 Esekla the Grave Robber (level 7, -20/36 HPs)
             Began as a Deep Elf Necromancer on July 7, 2023.
             Was a Follower of Vehumet.
             Demolished by an ogre
             ... wielding a +0 giant club
              (30 damage)
             ... on level 5 of the Dungeon.
             The game lasted 00:20:06 (3208 turns).

Esekla the Grave Robber (Deep Elf Necromancer)      Turns: 3208, Time: 00:20:08

Health: -20/36     AC:  4    Str:  5    XL:     7   Next: 24%
Magic:  3/17       EV: 14    Int: 22    God:    Vehumet [*.....]
Gold:   256        SH:  0    Dex: 18    Spells: 12/16 levels left

rFire   . . .        a - +5 rapier of the Hero {heavy, rN+ Dex+3}
rCold   . . .        (no shield)
rNeg    + . .        m - +0 robe
rPois   .            t - +0 helmet
rElec   .            (no cloak)
rCorr   .            k - +0 pair of gloves
SInv    .            (no boots)
Will    .....        w - amulet of magic regeneration
Stlth   +++          (no ring)
HPRegen 0.26/turn    (no ring)
MPRegen 0.55/turn

%: no passive effects
@: no status effects
A: no striking features
a: Renounce Religion


You were on level 5 of the Dungeon.
You worshipped Vehumet.
Vehumet was aware of your devotion.
You visited 1 branch of the dungeon, and saw 5 of its levels.

You collected 256 gold pieces.

Inventory:

Hand Weapons
 a - the +5 rapier of the Hero (weapon) {heavy, rN+ Dex+3}
   (You found it on level 3 of the Dungeon)

   Dex:       It affects your dexterity (+3).
   rN:        It protects you from negative energy.
 r - a +0 spear
Missiles
 p - 8 poisoned darts (quivered)
Armour
 k - a +0 pair of gloves (worn)
 m - a +0 robe (worn)
 t - a +0 helmet (worn)
Jewellery
 w - an amulet of magic regeneration (around neck)
Wands
 o - a wand of roots (9)
 z - a wand of flame (15)
Scrolls
 c - a scroll of amnesia
 e - a scroll of fog {unknown}
 h - a scroll of blinking {unknown}
 l - a scroll of identify
 n - a scroll of enchant armour
 q - 2 scrolls of enchant weapon
 u - a scroll of summoning {unknown}
 v - a scroll of magic mapping {unknown}
 y - a scroll of fear
Potions
 b - a potion of magic
 d - a potion of ambrosia {unknown}
 f - 2 potions of brilliance
 g - a potion of attraction
 i - a potion of haste {unknown}
 j - a potion of curing
 s - a potion of mutation {unknown}
 x - a potion of lignification {unknown}


   Skills:
 + Level 2.3 Short Blades
 + Level 0.5 Throwing
 * Level 4.5 Dodging
 + Level 4.3 Stealth
 * Level 5.4 Spellcasting
 * Level 2.6 Conjurations
 * Level 6.8 Necromancy


You had 12 spell levels left.
You knew the following spells:

 Your Spells              Type           Power      Damage    Failure   Level
a - Magic Dart            Conj           68%        1d6       3%          1
d - Vampiric Draining     Necr           36%        2d8       1%          3

Your spell library contained the following spells:

 Spells                   Type           Power      Damage    Failure   Level
 Necrotise                Necr           100%       1d9       1%          1
 Animate Dead             Necr           36%        N/A       6%          4
 Lesser Beckoning         Tloc           12%        N/A       14%         2
 Agony                    Necr           36%        N/A       16%         5
 Gell's Gravitas          Tloc           6%         N/A       28%         3
 Spider Form              Tmut/Pois      6%         N/A       28%         3
 Teleport Other           Tloc           6%         N/A       28%         3
 Cause Fear               Hex            3%         N/A       67%         4
 Summon Mana Viper        Hex/Summ       6%         N/A       95%         5


Dungeon Overview and Level Annotations

Branches:
Dungeon (5/15)
 Temple: D:4-7

Altars:
Dithmenos
Hepliaklqana
Okawaru
Qazlal
Trog
Vehumet
Zin

Shops:
D:2 =   D:4 (


Message History

Press: ? - help, Shift-Dir - straight line, f/p - iguana
Aim: an iguana (heavily wounded)
You draw life force from the iguana!
You feel life coursing into your body. The iguana closely misses you.
You hit the iguana but do no damage.
The iguana is almost dead.
The iguana closely misses you. The iguana bites you!
Casting: Vampiric Draining (safe; 1% risk of failure)
Confirm with . or Enter, or press ? or * to list all spells.
Aiming: Vampiric Draining (safe; 1% risk of failure)
Press: ? - help, Shift-Dir - straight line, f/p - iguana
Aim: an iguana (almost dead)
You draw life force from the iguana!
You kill the iguana!
Vehumet accepts your kill.
You feel your power returning.
Casting: Vampiric Draining (safe; 1% risk of failure)
Confirm with . or Enter, or press ? or * to list all spells.
Aiming: Vampiric Draining (safe; 1% risk of failure)
Press: ? - help, Shift-Dir - straight line, f - ogre
Aim: an ogre, wielding a +0 giant club You draw life force from the ogre.
You feel life coursing into your body.
The ogre hits you with a +0 giant club!!
Ouch! That really hurt!
* * * LOW HITPOINT WARNING * * *
Casting: Vampiric Draining (safe; 1% risk of failure)
Confirm with . or Enter, or press ? or * to list all spells.
Aiming: Vampiric Draining (safe; 1% risk of failure)
Press: ? - help, Shift-Dir - straight line, f/p - ogre
Aim: an ogre, wielding a +0 giant club (lightly wounded)
You draw life force from the ogre.
You feel life coursing into your body.
Casting: Vampiric Draining (safe; 1% risk of failure)
Confirm with . or Enter, or press ? or * to list all spells.
Aiming: Vampiric Draining (safe; 1% risk of failure)
Press: ? - help, Shift-Dir - straight line, f/p - ogre
Aim: an ogre, wielding a +0 giant club (moderately wounded)
You draw life force from the ogre!
You feel life coursing into your body.
The ogre hits you with a +0 giant club!!
Ouch! That really hurt!
You die...

#.# ########
#.# .#
.......###.#
#.##
##.###.....#
#...## #.#
#..#### ..#..<
##'###..#
#....#
.+_###..#
##....#
##'###..#####
######.....#
#.# #.#....#
#.@O.......#
##.###..###.#
#.####.....#
........# #.#
#.# ##...##
#.#.#.#.#
#.###†######.##
#.#.....#
#............#
#.#####.#
#####.########
#.#####.# #.#
........# #.#
#.####### #.#


You could see an ogre.

Vanquished Creatures
  A black bear (D:2)
  2 scorpions (D:5)
  4 hounds
  A sleepcap (D:5)
  4 iguanas
  3 gnolls (D:2)
  8 adders
  A white imp (D:5)
  A worm (D:4)
  2 dart slugs
  8 orcs
  6 ball pythons
  4 bats
  4 endoplasms
  8 goblins
  5 hobgoblins
  A quokka (D:1)
  4 frilled lizards
  5 kobolds
  A rat (D:1)
73 creatures vanquished.

Notes
Turn   | Place    | Note
-------+----------+-------------------------------------------
     0 | D:1      | Esekla the Deep Elf Necromancer began the quest for the
                  | Orb.
     0 | D:1      | Reached XP level 1. HP: 10/10 MP: 6/6
   146 | D:1      | Reached skill level 5 in Necromancy
   245 | D:1      | Reached XP level 2. HP: 15/15 MP: 8/8
   458 | D:4      | Found a radiant altar of Vehumet.
   462 | D:4      | Became a worshipper of Vehumet
   686 | D:3      | Identified the +5 rapier of the Hero {heavy, rN+ Dex+3}
  1101 | D:3      | Found a stormy altar of Qazlal.
  1106 | D:3      | Found a bloodstained altar of Trog.
  1188 | D:3      | Reached skill level 1 in Short Blades
  1188 | D:3      | Reached XP level 3. HP: 19/19 MP: 9/9
  1192 | D:3      | Learned a level 3 spell: Vampiric Draining
  1246 | D:3      | Found a hazy altar of Hepliaklqana.
  1253 | D:3      | Reached XP level 4. HP: 23/24 MP: 9/11
  1485 | D:1      | Reached * piety under Vehumet
  1485 | D:1      | Offered knowledge of Magic Dart by Vehumet.
  1493 | D:1      | Learned a level 1 spell: Magic Dart
  1816 | D:2      | Noticed a black bear
  2001 | D:2      | Reached skill level 1 in Conjurations
  2001 | D:2      | Reached XP level 5. HP: 28/28 MP: 12/12
  2021 | D:2      | Found a faded altar of an unknown god.
  2090 | D:2      | Killed a black bear
  2096 | D:2      | Found Renulab's Jewellery Shop.
  2368 | D:4      | Found Ponaysk's Antique Weapon Boutique.
  2511 | D:4      | Found a glowing silver altar of Zin.
  2522 | D:4      | Found an iron altar of Okawaru.
  2567 | D:4      | Reached skill level 6 in Necromancy
  2569 | D:4      | Reached XP level 6. HP: 29/32 MP: 10/14
  2646 | D:5      | Entered Level 5 of the Dungeon
  2709 | D:5      | Got the Parchment of the Lumpy Olives
  2726 | D:5      | Found a shadowy altar of Dithmenos.
  2976 | D:5      | Reached skill level 5 in Spellcasting
  3190 | D:5      | Reached XP level 7. HP: 31/36 MP: 14/16
  3208 | D:5      | Demolished by an ogre

Illustrated notes

Levels and vault maps discovered:
D:1:      sevenhm_arrival_forest_fort_small_3, layout_rooms,
          chequers_serial_rivers_room_b, minmay_misc_feat_five
D:2:      layout_loops_ring, dreamdust_ecumenical_altar_angels_and_demons,
          serial_shops, shop
D:3:      layout_basic, grunt_temple_overflow_open, minmay_misc_feat_iff
D:4:      layout_basic, nicolae_overflow_quartered_altars, serial_shops,
          nicolae_diamond_shop
D:5:      layout_loops_ring, lemuel_doored_altar, minmay_misc_feat_rows,
          dreamdust_wishing_well

Skill      XL: |  1  2  3  4  5  6 |
---------------+-------------------+-----
Necromancy     | 5 6 |  6.8
Short Blades   | 1 2 |  2.3
Dodging        | 3 4 |  4.5
Stealth        | 3 4 |  4.3
Conjurations   | 1 2 |  2.6
Spellcasting   | 4 5 |  5.4
Throwing       | |  0.5

Action                     |  1- 3 |  4- 6 |  7- 9 || total
---------------------------+-------+-------+-------++-------
  Melee: Short sword       |    39 |       |       ||    39
         Unarmed           |     9 |       |       ||     9
         Rapier            |    35 |    64 |    10 ||   109
         Punch             |       |     1 |       ||     1
  Throw: Dart              |       |     9 |       ||     9
   Cast: Vampiric Draining |       |    19 |     9 ||    28
         Magic Dart        |       |     4 |       ||     4
    Use: Scroll            |     4 |     3 |       ||     7
         Potion            |     1 |     3 |       ||     4
   Stab: Sleeping          |     6 |    13 |       ||    19
         Distracted        |     1 |     1 |       ||     2
 Armour: Robe              |    20 |    19 |     5 ||    44
  Dodge: Dodged            |    68 |    53 |    14 ||   135
